 Dungeon Crawl Stone Soup version 0.31-a0-152-g6aa68a64a1 (webtiles) character file.

Game seed: 10427686341755950683

55844 qw the Marksgargoyle (level 14, -12/96 HPs)
             Began as a Gargoyle Hunter on June 10, 2023.
             Was an Elder of Okawaru.
             Mangled by a vault guard
             ... wielding a +0 great mace
              (13 damage)
             ... on level 13 of the Dungeon.
             The game lasted 00:06:35 (13919 turns).

qw the Marksgargoyle (Gargoyle Hunter)             Turns: 13919, Time: 00:06:35

Health: -12/96     AC: 27    Str: 16    XL:     14   Next: 79%
Magic:  19/21      EV: 16    Int: 13    God:    Okawaru [****..]
Gold:   1230       SH:  0    Dex: 15    Spells: 13/13 levels left

rFire   . . .        c - +11 arbalest of the Oracle {speed, Fly Int+3}
rCold   + . .        (shield currently unavailable)
rNeg    + . .        s - +6 ring mail of Otyum {Will+ rCorr Dex-2 SInv}
rPois   inf          (helmet restricted)
rElec   +            g - +2 cloak
rCorr   +            (no gloves)
SInv    +            (no boots)
Will    ++...        f - amulet of regeneration
Stlth   +++          a - ring of protection from cold
HPRegen 1.16/turn    o - +4 ring of slaying {mikee}
MPRegen 0.17/turn

%: no passive effects
@: about to teleport, heroic, flying
A: sickness immunity, AC +10, big wings, negative energy resistance 1,
electricity resistance, torment resistance 1, petrification resistance, antennae
1
a: Renounce Religion, Heroism, Finesse


You were on level 13 of the Dungeon.
You worshipped Okawaru.
Okawaru was greatly pleased with you.
You visited 3 branches of the dungeon, and saw 19 of its levels.

You collected 1230 gold pieces.


Innate Abilities, Weirdness & Mutations

You are immune to sickness and miasma.
Your stone body is resilient. (AC +10)
You are immune to poison.
Your large and strong wings let you fly.
You resist negative energy. (rN+)
You are resistant to electric shocks. (rElec)
You are resistant to unholy torment.
You are immune to petrification.
You have a pair of small antennae on your head.


   Skills:
 + Level 14.5(19.5) Fighting
 - Level 18.0(23.0) Ranged Weapons
 - Level 7.0(12.0) Armour
 - Level 6.0(11.0) Dodging
 - Level 1.1(6.1) Stealth
 - Level 10.0 Invocations


You had 13 spell levels left.
You didn't know any spells.
Your spell library was empty.

Inventory:

Hand Weapons
 c - the +11 arbalest of the Oracle (weapon) {speed, Fly Int+3}
   (You acquired it on level 2 of the Dungeon)

   Int:       It affects your intelligence (+3).
   Fly:       It grants you flight.
 q - a +4 arbalest of flaming
 y - a +7 orcbow
Armour
 d - a +0 troll leather armour
 e - a +3 leather armour of fire resistance
 g - a +2 cloak (worn)
 h - a +2 robe of cold resistance
 s - the +6 ring mail of Otyum (worn) {Will+ rCorr Dex-2 SInv}
   (You found it on level 9 of the Dungeon)

   Dex:       It affects your dexterity (-2).
   SInv:      It lets you see invisible.
   rCorr:     It protects you from acid and corrosion.
   Will:      It increases your willpower.
Jewellery
 a - a ring of protection from cold (left hand)
 f - an amulet of regeneration (around neck)
 m - a ring of willpower
 o - a +4 ring of slaying (right hand) {mikee}
 t - a +6 ring of strength
 x - the ring "Jaqoniacee" {rC+ Int+6}
   (You found it on level 4 of the Lair of Beasts)

   [ring of intelligence]

   Int:       It affects your intelligence (+6).
   rC:        It protects you from cold.
Scrolls
 l - 4 scrolls of enchant armour
 n - 6 scrolls of identify
 p - 4 scrolls of teleportation
 r - a scroll of enchant weapon
Potions
 b - 3 potions of cancellation
 i - 3 potions of haste
 j - 8 potions of lignification
 k - 2 potions of mutation
 u - 5 potions of curing
 v - a potion of attraction

Dungeon Overview and Level Annotations

Branches:
Dungeon (13/15)            Temple (1/1) D:4            Lair (5/5) D:11
 Shoals (0/4) Lair:3       Spider (0/4) Lair:2        Slime (0/5) Lair:4
    Orc (0/2) D:10
 Vaults: D:13-14

Altars:
Ashenzari
Cheibriados
Dithmenos
Elyvilon
Fedhas
Gozag
Hepliaklqana
Kikubaaqudgha
Makhleb
Nemelex Xobeh
Okawaru
Qazlal
Ru
Sif Muna
Trog
Uskayaw
Vehumet
Wu Jian
Xom
Yredelemnul
Zin
The Shining One
Jiyva

Portals:
Ice
Cave: D:12

Annotations:
D:8 2 runed translucent doors, qw's ghost, novice GrFi
Lair:5 2 runed translucent doors


Message History

Okawaru accepts your kill.
You hear the loud beating of a very distant drum.
The vault guard completely misses you.
The vault guard hits you but does no damage. x2
You shoot a bolt. The bolt hits the vault guard!!
The vault guard is severely wounded.
The vault guard hits you but does no damage.
The vault guard hits you with a +0 battleaxe!
The vault guard barely misses you.
The vault guard hits you with a +1 war axe.
You shoot a bolt. The bolt hits the vault guard!
The vault guard is almost dead.
The vault guard hits you but does no damage.
The vault guard hits you with a +0 great mace.
A vault guard comes into view. It is wielding a +0 war axe.
The vault guard hits you but does no damage.
The vault guard hits you with a +1 war axe!
13915 ||| INVOKING Heroism.
You gain the combat prowess of a mighty hero.
The vault guard hits you with a +0 battleaxe.
The vault guard hits you with a +0 great mace.
The vault guard hits you with a +1 war axe!
The vault guard hits you with a +0 battleaxe.
You shoot a bolt. The bolt hits the vault guard!!!
You kill the vault guard!
Okawaru accepts your kill.
You shoot a bolt. The bolt hits the vault guard!
The vault guard is moderately wounded.
The vault guard hits you but does no damage. x2
The vault guard hits you with a +1 war axe!
13918 ||| READING 5 scrolls of teleportation.
As you read the scroll of teleportation, it crumbles to dust.
You feel strangely unstable.
The vault guard hits you but does no damage. x3
You shoot a bolt. The bolt hits the vault guard!!!
The vault guard is severely wounded.
The vault guard hits you with a +1 war axe.
The vault guard hits you with a +0 battleaxe!!
The vault guard hits you with a +0 great mace!
You die...

### .. ... #. ... #. ...
#.### ... )p.# ##### ...
######..# #...# ...
......p)# #...# ...
......p@########...#####
#######p................
#........########.
#........#......#.
#.......)#......#.
##.....[..#...(..#.
...>......#......#.
...........#......#.
#########..#......#.


You could see 4 vault guards.

Vanquished Creatures
  3 vault guards (D:13)
  Erolcha (D:10)
  3 hydras
  4 boulder beetles
  3 catoblepae
  8 two-headed ogres
  A death yak (D:11)
  2 skysharks (Lair:5)
  A fire crab (Lair:5)
  A lindwurm (Lair:5)
  3 harpies (Lair:3)
  A cyclops (D:12)
  6 elephants (Lair:3)
  An ugly thing (D:10)
  4 manticores
  6 black mambas
  Maurice (D:11)
  2 gargoyles
  An ice statue (D:11)
  2 molten gargoyles (Lair:5)
  15 cane toads
  A rime drake (Lair:4)
  A kobold demonologist (D:12)
  A yaktaur (D:10)
  13 komodo dragons
  6 trolls
  Grinder (D:5)
  24 blink frogs
  5 slime creatures
  4 shadows
  A vampire (D:10)
  A jumping spider (Lair:2)
  6 basilisks
  5 wraiths
  3 wyverns
  21 yaks
  2 steam dragons (D:7)
  Menkaure (D:5)
  4 vampire mosquitoes (D:11)
  3 hell hounds (Lair:5)
  2 acid dragons
  11 water moccasins
  5 orc warriors
  4 black bears
  3 ice beasts
  8 centaurs
  9 wolves (Lair:1)
  4 kobold brigands
  9 bullfrogs
  A two-headed ogre simulacrum (D:12)
  2 gnoll sergeants
  2 scorpions (D:5)
  A cane toad simulacrum (D:12)
  12 wights
  An elephant simulacrum (D:12)
  25 killer bees
  5 electric eels
  6 howler monkeys (D:10)
  5 lava snakes (Lair:5)
  4 hounds
  A gnoll bouda (D:4)
  4 orc priests
  8 jellies
  2 iguanas
  A sleepcap (D:7)
  11 orc wizards
  4 hell rats (Lair:4)
  3 spriggan simulacra (D:12)
  A troll simulacrum (D:12)
  9 gnolls
  10 adders
  A naga simulacrum (D:12)
  2 white imps
  2 dart slugs
  26 orcs
  3 bats
  9 endoplasms
  4 giant cockroaches
  9 goblins
  5 hobgoblins
  4 jackals (D:1)
  9 quokkas
  7 ball pythons
  5 frilled lizards
  26 kobolds
  8 rats
  A spectral goblin (D:4)
466 creatures vanquished.

Vanquished Creatures (others)
  A howler monkey (D:5)
1 creature vanquished.

Grand Total: 467 creatures vanquished

Notes
Turn   | Place    | Note
-------+----------+-------------------------------------------
     0 | D:1      | qw the Gargoyle Hunter began the quest for the Orb.
     0 | D:1      | Reached XP level 1. HP: 12/12 MP: 1/1
     0 | D:1      | 0 ||| qw: Version: 0.2-a-29-g67ad517
     0 | D:1      | 0 ||| qw: Game counter: 3945
     0 | D:1      | 0 ||| qw: Always use a shield: true
     0 | D:1      | 0 ||| qw: God list: Okawaru
     0 | D:1      | 0 ||| qw: Allow faded altars: false
     0 | D:1      | 0 ||| qw: Do Orc after D:15 true
     0 | D:1      | 0 ||| qw: Do second Lair branch before Depths: true
     0 | D:1      | 0 ||| qw: Lair rune preference: random
     0 | D:1      | 0 ||| qw: Plans: Normal, Zot:1-4, Slime:5, God:TSO, Crypt,
                  | Tomb, Abyss, Pan, Hells, Win
     0 | D:1      | 0 ||| PLANNING D:1-11
    25 | D:1      | HP: 3/12 [quokka (4)]
   145 | D:1      | Reached XP level 2. HP: 17/17 MP: 2/2
   261 | D:1      | Reached XP level 3. HP: 19/21 MP: 3/3
   404 | D:1      | Reached skill level 5 in Ranged Weapons
   793 | D:1      | 793 ||| UPGRADING to +0 ring mail.
   803 | D:1      | 803 ||| DROPPING +0 leather armour.
   804 | D:1      | 804 ||| READING scroll labelled GANANIDDUO.
   808 | D:1      | 808 ||| READING scroll labelled VITOMO FUIFFUDWAO.
   809 | D:1      | 809 ||| READING scroll labelled YRAYRU MOGAONO.
   810 | D:1      | 810 ||| READING scroll labelled USSEGAMOGG.
   811 | D:1      | 811 ||| READING scroll labelled XINUOTACYG.
   812 | D:1      | 812 ||| DROPPING scroll of butterflies.
   923 | D:2      | Reached skill level 1 in Armour
   959 | D:2      | 959 ||| FLEEEEING.
   961 | D:2      | 961 ||| FLEEEEING.
   962 | D:2      | 962 ||| FLEEEEING.
  1040 | D:2      | Reached XP level 4. HP: 27/27 MP: 4/4
  1187 | D:2      | Reached skill level 3 in Fighting
  1278 | D:2      | 1278 ||| UPGRADING to +2 cloak.
  1283 | D:2      | 1283 ||| UPGRADING to ring of protection from cold.
  1284 | D:2      | 1284 ||| READING scroll labelled COMUXK JUTORRI.
  1284 | D:2      | Identified a scroll of acquirement
  1284 | D:2      | 1284 ||| ACQUIRING +11 arbalest of the Oracle {speed, Fly
                  | Int+3}
  1284 | D:2      | Acquired the +11 arbalest of the Oracle {speed, Fly Int+3}
  1286 | D:2      | 1286 ||| SWAPPING to +11 arbalest of the Oracle {speed, Fly
                  | Int+3}.
  1287 | D:2      | 1287 ||| READING scroll labelled CUOJOACVYCI.
  1288 | D:2      | 1288 ||| READING scroll labelled SEULIS TIHUKO.
  1289 | D:2      | 1289 ||| DRINKING 2 emerald potions.
  1290 | D:2      | 1290 ||| DRINKING 3 fuming red potions.
  1515 | D:3      | 1515 ||| DRINKING potion of curing.
  1515 | D:3      | 1515 ||| (to cure confusion)
  1528 | D:3      | Reached XP level 5. HP: 31/32 MP: 5/5
  1815 | D:3      | 1815 ||| UPGRADING to amulet of regeneration.
  1820 | D:3      | 1820 ||| READING 2 scrolls labelled VELOCU SIRU.
  1821 | D:3      | 1821 ||| DRINKING 3 viscous brown potions.
  1821 | D:3      | Gained mutation: You have a pair of small antennae on your
                  | head. [potion of mutation]
  1822 | D:3      | 1822 ||| READING 2 scrolls of identify.
  1822 | D:3      | 1822 ||| IDENTIFYING lumpy coppery potion
  1823 | D:3      | 1823 ||| DROPPING scroll of amnesia.
  1855 | D:4      | Noticed a black bear
  1857 | D:4      | Killed a black bear
  1858 | D:4      | Reached skill level 6 in Ranged Weapons
  1858 | D:4      | Reached XP level 6. HP: 37/37 MP: 6/6
  1894 | D:4      | Found a stormy altar of Qazlal.
  2094 | D:4      | Found a sparkling altar of Nemelex Xobeh.
  2104 | D:4      | 2104 ||| Stepping ~*~*~tactically~*~*~ (outnumbered).
  2106 | D:4      | 2106 ||| Stepping ~*~*~tactically~*~*~ (outnumbered).
  2108 | D:4      | 2108 ||| Stepping ~*~*~tactically~*~*~ (outnumbered).
  2132 | D:4      | Found a glowing golden altar of the Shining One.
  2207 | D:4      | Reached skill level 7 in Ranged Weapons
  2322 | D:4      | Found a hazy altar of Hepliaklqana.
  2328 | D:4      | 2328 ||| UPGRADING to +4 ring of slaying {mikee}.
  2329 | D:4      | 2329 ||| READING scroll labelled DEECAS CYUMUF.
  2330 | D:4      | 2330 ||| READING 5 scrolls of identify.
  2330 | D:4      | 2330 ||| IDENTIFYING metallic coppery potion
  2331 | D:4      | 2331 ||| READING 4 scrolls of identify.
  2331 | D:4      | 2331 ||| IDENTIFYING inky potion
  2332 | D:4      | 2332 ||| READING 3 scrolls of identify.
  2332 | D:4      | 2332 ||| IDENTIFYING brown potion
  2333 | D:4      | 2333 ||| READING 2 scrolls of identify.
  2333 | D:4      | 2333 ||| IDENTIFYING fuming purple potion
  2334 | D:4      | 2334 ||| DROPPING potion of invisibility.
  2335 | D:4      | 2335 ||| DROPPING potion of ambrosia.
  2360 | D:4      | Found a staircase to the Ecumenical Temple.
  2370 | D:5      | Entered Level 5 of the Dungeon
  2382 | D:5      | 2382 ||| STAIRDANCE
  2384 | D:4      | 2384 ||| PLANNING TEMPLE
  2386 | D:5      | 2386 ||| STAIRDANCE
  2390 | D:5      | 2390 ||| STAIRDANCE
  2394 | D:5      | 2394 ||| STAIRDANCE
  2398 | D:5      | 2398 ||| STAIRDANCE
  2402 | D:5      | 2402 ||| STAIRDANCE
  2406 | D:5      | 2406 ||| STAIRDANCE
  2410 | D:5      | 2410 ||| STAIRDANCE
  2414 | D:5      | 2414 ||| STAIRDANCE
  2418 | D:5      | 2418 ||| STAIRDANCE
  2422 | D:5      | 2422 ||| STAIRDANCE
  2426 | D:5      | 2426 ||| STAIRDANCE
  2430 | D:5      | 2430 ||| STAIRDANCE
  2434 | D:5      | 2434 ||| STAIRDANCE
  2438 | D:5      | 2438 ||| STAIRDANCE
  2442 | D:5      | 2442 ||| STAIRDANCE
  2446 | D:5      | 2446 ||| STAIRDANCE
  2450 | D:5      | 2450 ||| STAIRDANCE
  2454 | D:5      | 2454 ||| STAIRDANCE
  2458 | D:5      | 2458 ||| STAIRDANCE
  2572 | D:5      | Reached XP level 7. HP: 38/43 MP: 7/7
  2666 | D:5      | Noticed Menkaure
  2667 | D:5      | 2667 ||| FLEEEEING.
  2670 | D:5      | Killed Menkaure
  2671 | D:5      | Reached skill level 8 in Ranged Weapons
  2694 | Temple   | Entered the Ecumenical Temple
  2708 | Temple   | 2708 ||| PLANNING D:1-11
  2937 | D:5      | Found a sacrificial altar of Ru.
  2991 | D:5      | Found a blossoming altar of Fedhas.
  3021 | D:5      | 3021 ||| FLEEEEING.
  3027 | D:5      | Found a shimmering altar of Xom.
  3112 | D:5      | Reached XP level 8. HP: 49/49 MP: 8/8
  3140 | D:5      | Found a basalt altar of Yredelemnul.
  3226 | D:5      | Noticed Grinder
  3244 | D:5      | Killed Grinder
  3395 | D:6      | Reached skill level 9 in Ranged Weapons
  3601 | D:6      | Found a white marble altar of Elyvilon.
  3695 | D:6      | Reached skill level 6 in Fighting
  3775 | D:6      | Found a radiant altar of Vehumet.
  4016 | D:7      | 4016 ||| STAIRDANCE
  4058 | D:7      | Reached skill level 10 in Ranged Weapons
  4058 | D:7      | Reached XP level 9. HP: 55/55 MP: 9/9
  4113 | D:7      | 4113 ||| Stepping ~*~*~tactically~*~*~ (cloud).
  4118 | D:7      | 4118 ||| Stepping ~*~*~tactically~*~*~ (cloud).
  4122 | D:7      | 4122 ||| Stepping ~*~*~tactically~*~*~ (cloud).
  4399 | D:7      | Reached skill level 11 in Ranged Weapons
  4515 | D:7      | Identified the +2 leather armour of Sif Muna's Scorn {rPois
                  | rN+++ rCorr Str+3}
  4547 | D:7      | Reached skill level 3 in Dodging
  4566 | D:7      | Found a burning altar of Makhleb.
  4571 | D:7      | Found a glowing silver altar of Zin.
  4574 | D:7      | Found a shadowy altar of Dithmenos.
  4676 | D:7      | Reached skill level 3 in Armour
  4717 | D:7      | 4717 ||| UPGRADING to +2 leather armour of Sif Muna's Scorn
                  | {rPois rN+++ rCorr Str+3}.
  4727 | D:7      | 4727 ||| DROPPING +0 ring mail.
  4728 | D:7      | 4728 ||| READING scroll labelled CYATHYBBUNE.
  5010 | D:8      | Noticed a troll
  5014 | D:8      | Killed a troll
  5031 | D:8      | Reached XP level 10. HP: 64/64 MP: 10/10
  5042 | D:8      | Found a large runed translucent door.
  5043 | D:8      | Found a large runed translucent door.
  5045 | D:8      | Noticed qw's ghost (novice GrFi)
  5392 | D:9      | Reached skill level 12 in Ranged Weapons
  5638 | D:9      | Identified the +6 ring mail of Otyum {Will+ rCorr Dex-2
                  | SInv}
  5952 | D:9      | Noticed a two-headed ogre
  5957 | D:9      | Killed a two-headed ogre
  5981 | D:9      | Found an opulent altar of Gozag.
  6094 | D:9      | 6094 ||| FLEEEEING.
  6095 | D:9      | 6095 ||| FLEEEEING.
  6190 | D:9      | Identified the +7 halberd of Ecak {freeze, rN+ Int+2 Dex-3}
  6191 | D:9      | 6191 ||| UPGRADING to +6 ring mail of Otyum {Will+ rCorr
                  | Dex-2 SInv}.
  6201 | D:9      | 6201 ||| DROPPING +2 leather armour of Sif Muna's Scorn
                  | {rPois rN+++ rCorr Str+3}.
  6202 | D:9      | 6202 ||| READING scroll labelled AZEUQI DAYTA.
  6203 | D:9      | 6203 ||| READING scroll labelled WISSEC WAOPPO.
  6304 | D:9      | 6304 ||| READING 4 scrolls of identify.
  6304 | D:9      | 6304 ||| IDENTIFYING bubbling black potion
  6305 | D:9      | 6305 ||| DROPPING potion of degeneration.
  6336 | D:10     | Entered Level 10 of the Dungeon
  6345 | D:10     | Reached skill level 13 in Ranged Weapons
  6372 | D:10     | Found a staircase to the Orcish Mines.
  6377 | D:10     | Found an iron altar of Okawaru.
  6378 | D:10     | 6378 ||| PLANNING OKAWARU WORSHIP
  6383 | D:10     | Became a worshipper of Warmaster Okawaru
  6383 | D:10     | 6383 ||| PLANNING D:1-11
  6556 | D:10     | 6556 ||| DROPPING +0 shortbow.
  6557 | D:10     | Noticed a two-headed ogre
  6557 | D:10     | Noticed a two-headed ogre
  6560 | D:10     | Killed a two-headed ogre
  6561 | D:10     | Reached skill level 9 in Fighting
  6561 | D:10     | Reached * piety under Okawaru
  6561 | D:10     | Noticed a green ugly thing
  6563 | D:10     | 6563 ||| INVOKING Heroism.
  6571 | D:10     | Killed a two-headed ogre
  6571 | D:10     | Identified the +8 glaive of Ycatoo {drain, rElec Will+
                  | Str+3}
  6572 | D:10     | Reached XP level 11. HP: 51/71 MP: 8/11
  6574 | D:10     | Reached skill level 1 in Invocations
  6577 | D:10     | 6577 ||| INVOKING Heroism.
  6581 | D:10     | Killed a green ugly thing
  6591 | D:10     | 6591 ||| INVOKING Heroism.
  6596 | D:10     | HP: 14/71 [vampire/the +8 glaive of Ycatoo {drain, rElec
                  | Will+ Str+3} (5)]
  6597 | D:10     | 6597 ||| READING 4 scrolls of teleportation.
  6598 | D:10     | 6598 ||| DRINKING potion of heal wounds.
  6600 | D:10     | Reached skill level 14 in Ranged Weapons
  6663 | D:10     | Reached ** piety under Okawaru
  6664 | D:10     | Reached skill level 3 in Invocations
  6694 | D:10     | Noticed a boulder beetle
  6695 | D:10     | 6695 ||| INVOKING Heroism.
  6701 | D:10     | Noticed a manticore
  6702 | D:10     | 6702 ||| Stepping ~*~*~tactically~*~*~ (outnumbered).
  6713 | D:10     | Killed a boulder beetle
  6716 | D:10     | Killed a manticore
  6731 | D:10     | Noticed a manticore
  6732 | D:10     | 6732 ||| INVOKING Heroism.
  6735 | D:10     | Killed a manticore
  6742 | D:10     | Noticed a manticore
  6745 | D:10     | Killed a manticore
  6760 | D:10     | 6760 ||| Stepping ~*~*~tactically~*~*~ (outnumbered).
  6763 | D:10     | Noticed a two-headed ogre
  6766 | D:10     | Killed a two-headed ogre
  6766 | D:10     | Reached *** piety under Okawaru
  6767 | D:10     | 6767 ||| Stepping ~*~*~tactically~*~*~ (outnumbered).
  6791 | D:10     | 6791 ||| INVOKING Heroism.
  6810 | D:10     | 6810 ||| DROPPING +1 orcbow of freezing.
  6811 | D:10     | 6811 ||| DROPPING +0 orcbow.
  6817 | D:10     | Reached skill level 15 in Ranged Weapons
  6817 | D:10     | Identified the +1 flail of Syud {heavy, rElec rF+ Will-}
  6826 | D:10     | Identified the +2 mace of the Unliving {freeze, rC+}
  6834 | D:10     | 6834 ||| INVOKING Heroism.
  6869 | D:10     | Noticed a two-headed ogre
  6870 | D:10     | 6870 ||| INVOKING Heroism.
  6874 | D:10     | Killed a two-headed ogre
  6875 | D:10     | Reached XP level 12. HP: 59/77 MP: 12/15
  7152 | D:10     | Noticed Erolcha
  7153 | D:10     | 7153 ||| INVOKING Heroism.
  7159 | D:10     | Killed Erolcha
  7299 | D:10     | Found a shimmering blue altar of Sif Muna.
  7668 | D:10     | 7668 ||| READING scroll labelled ZIN ATYJAEFOIM.
  7669 | D:10     | 7669 ||| READING scroll labelled RUNGEFEAWI.
  7670 | D:10     | 7670 ||| READING 4 scrolls of identify.
  7670 | D:10     | 7670 ||| IDENTIFYING smoky green potion
  7671 | D:10     | 7671 ||| DROPPING potion of brilliance.
  7774 | D:11     | Reached skill level 16 in Ranged Weapons
  7775 | D:11     | Noticed a boulder beetle
  7776 | D:11     | 7776 ||| INVOKING Heroism.
  7788 | D:11     | Killed a boulder beetle
  7855 | D:11     | Noticed a death yak
  7856 | D:11     | 7856 ||| INVOKING Heroism.
  7862 | D:11     | Killed a death yak
  7863 | D:11     | Reached **** piety under Okawaru
  7873 | D:11     | Found a staircase to the Lair.
  7888 | D:11     | 7888 ||| INVOKING Heroism.
  8048 | D:11     | 8048 ||| INVOKING Heroism.
  8049 | D:11     | 8049 ||| Stepping ~*~*~tactically~*~*~ (outnumbered).
  8105 | D:11     | Noticed Maurice
  8109 | D:11     | Killed Maurice
  8202 | D:11     | Noticed a two-headed ogre
  8205 | D:11     | Killed a two-headed ogre
  8255 | D:11     | 8255 ||| INVOKING Heroism.
  8346 | D:11     | Noticed a two-headed ogre
  8348 | D:11     | Killed a two-headed ogre
  8558 | D:11     | 8558 ||| PLANNING LAIR
  8593 | Lair:1   | Entered Level 1 of the Lair of Beasts
  8659 | Lair:1   | 8659 ||| INVOKING Heroism.
  8672 | Lair:1   | Reached skill level 6 in Invocations
  8682 | Lair:1   | 8682 ||| INVOKING Heroism.
  8728 | Lair:1   | 8728 ||| INVOKING Heroism.
  8860 | Lair:1   | Reached skill level 17 in Ranged Weapons
  8860 | Lair:1   | Reached XP level 13. HP: 84/84 MP: 18/18
  9085 | Lair:1   | Reached ***** piety under Okawaru
  9521 | Lair:2   | 9521 ||| INVOKING Heroism.
  9552 | Lair:2   | Found a hole to the Spider Nest.
  9797 | Lair:2   | 9797 ||| INVOKING Heroism.
  9798 | Lair:2   | 9798 ||| INVOKING Finesse.
  9877 | Lair:2   | Received a gift from Okawaru
  9879 | Lair:2   | 9879 ||| DROPPING +0 arbalest.
 10263 | Lair:3   | Found a bloodstained altar of Trog.
 10274 | Lair:3   | 10274 ||| INVOKING Heroism.
 10313 | Lair:3   | 10313 ||| INVOKING Heroism.
 10330 | Lair:3   | Reached skill level 9 in Invocations
 10405 | Lair:3   | Found a staircase to the Shoals.
 10444 | Lair:3   | Found the +2 shield of Resistance {rF++ rC++ Will++}
 10943 | Lair:3   | 10943 ||| INVOKING Heroism.
 10944 | Lair:3   | 10944 ||| INVOKING Finesse.
 10948 | Lair:3   | 10948 ||| SWAPPING to +4 arbalest of flaming.
 10949 | Lair:3   | 10949 ||| Stepping ~*~*~tactically~*~*~ (water).
 10953 | Lair:3   | 10953 ||| SWAPPING to +11 arbalest of the Oracle {speed,
                  | Fly Int+3}.
 11082 | Lair:3   | 11082 ||| DROPPING +6 ring of intelligence.
 11083 | Lair:3   | 11083 ||| READING 7 scrolls of identify.
 11083 | Lair:3   | 11083 ||| IDENTIFYING glowing green potion
 11084 | Lair:3   | 11084 ||| DROPPING potion of enlightenment.
 11251 | Lair:4   | 11251 ||| INVOKING Heroism.
 11252 | Lair:4   | 11252 ||| INVOKING Finesse.
 11254 | Lair:4   | Reached skill level 18 in Ranged Weapons
 11310 | Lair:4   | Received a gift from Okawaru
 11318 | Lair:4   | 11318 ||| INVOKING Heroism.
 11365 | Lair:4   | 11365 ||| INVOKING Finesse.
 11368 | Lair:4   | 11368 ||| INVOKING Heroism.
 11418 | Lair:4   | Identified the ring "Jaqoniacee" {rC+ Int+6}
 11437 | Lair:4   | Gained mutation: Your large and strong wings let you fly.
                  | [Gargoyle growth]
 11437 | Lair:4   | Reached XP level 14. HP: 80/91 MP: 21/21
 11518 | Lair:4   | Reached skill level 12 in Fighting
 11528 | Lair:4   | Received a gift from Okawaru
 11596 | Lair:4   | Found a viscous altar of Jiyva.
 11598 | Lair:4   | Found a staircase to the Slime Pits.
 11907 | Lair:4   | 11907 ||| DROPPING ring of protection from cold.
 11908 | Lair:4   | 11908 ||| DROPPING ring of ice.
 11909 | Lair:4   | 11909 ||| READING 6 scrolls of identify.
 11909 | Lair:4   | 11909 ||| IDENTIFYING smoky blue potion
 11932 | Lair:5   | Entered Level 5 of the Lair of Beasts
 11948 | Lair:5   | 11948 ||| INVOKING Heroism.
 11949 | Lair:5   | 11949 ||| INVOKING Finesse.
 12422 | Lair:5   | Reached skill level 6 in Armour
 12438 | Lair:5   | 12438 ||| FLEEEEING.
 12537 | Lair:5   | Found a large runed translucent door.
 12537 | Lair:5   | Found a large runed translucent door.
 12585 | Lair:5   | Reached skill level 6 in Dodging
 12589 | Lair:5   | 12589 ||| INVOKING Heroism.
 12687 | Lair:5   | 12687 ||| INVOKING Heroism.
 12688 | Lair:5   | 12688 ||| INVOKING Finesse.
 12999 | Lair:5   | 12999 ||| PLANNING D
 13169 | D:12     | Found a frozen archway.
 13264 | D:12     | Found a white marble altar of Elyvilon.
 13322 | D:12     | 13322 ||| INVOKING Heroism.
 13346 | D:12     | 13346 ||| INVOKING Heroism.
 13432 | D:12     | 13432 ||| INVOKING Heroism.
 13598 | D:12     | 13598 ||| FLEEEEING.
 13599 | D:12     | 13599 ||| FLEEEEING.
 13717 | D:12     | 13717 ||| READING scroll labelled RAMMULAGIJ.
 13753 | D:13     | 13753 ||| PLANNING GAUNTLET
 13802 | D:13     | 13802 ||| Stepping ~*~*~tactically~*~*~ (outnumbered).
 13804 | D:13     | 13804 ||| Stepping ~*~*~tactically~*~*~ (outnumbered).
 13812 | D:13     | 13812 ||| INVOKING Heroism.
 13915 | D:13     | 13915 ||| INVOKING Heroism.
 13917 | D:13     | HP: 18/96 [vault guard/+1 war axe (14)]
 13918 | D:13     | 13918 ||| READING 5 scrolls of teleportation.
 13919 | D:13     | HP: 1/96 [vault guard/+0 battleaxe (18)]
 13919 | D:13     | Mangled by a vault guard

Levels and vault maps discovered:
D:1:      wheals_arrival_shading, layout_basic, serial_curves, eino_curves_01,
          eino_curves_02, eino_curves_03, eino_curves_04, minmay_crystal_water
D:2:      layout_rooms
D:3:      layout_basic, grunt_decor_mini_mirrors
D:4:      layout_rooms, nicolae_hepliaklqana_monster_ancestors,
          mainiacjoe_overflow_alcove_2, nicolae_tso_swordbearing_angel,
          overflow_temple_1_default, minmay_temple_entry_from_below_b,
          grunt_decor_junction
D:5:      layout_cave_pods, general_overflow_altar,
          mainiacjoe_overflow_24_doors,
          mainiacjoe_overflow_concentric_impassable, xom_confusion_cloud,
          uniq_grinder, uniq_menkaure
D:6:      layout_loops_ring, lemuel_tele_altar,
          mainiacjoe_overflow_small_starburst
D:7:      layout_gridville, minmay_overflow_temple_star_quad
D:8:      layout_basic, ebering_ghost_disaster_area
D:9:      layout_stronghold, mainiacjoe_overflow_alcove_1
D:10:     minmay_the_grid_octo_tiled_squarecenter
          [minmay_the_grid_octo_fan_narrow, minmay_the_grid_octo_checkerflower,
          minmay_the_grid_octo_fat_diamond, minmay_the_grid_octo_thin_diamonds,
          minmay_the_grid_square_5x5_megaprize_crossed,
          minmay_the_grid_square_5x5_seven, minmay_the_grid_square_5x5_two,
          minmay_the_grid_square_5x5_doubleslash,
          minmay_the_grid_square_5x5_tie], layout_basic,
          okawaru_metal_pillars_1_2, mainiacjoe_overflow_six_doors_small,
          uniq_erolcha
D:11:     lemuel_ice_statue, layout_gridville, david_lair_generic, uniq_maurice
D:12:     layout_roguey, portal_ice_cave_entry_ice_simulacra, elyvilon_altar_4
D:13:     layout_irregular_city, erik_vaults_2, gauntlet_entry_generic
Temple:   nicolae_temple_stand_before_the_council
Lair:1:   layout_loops_ring, serial_bayou, serial_bayou_shore_b,
          serial_bayou_lagoon_a, serial_bayou_pond_a, serial_bayou_ford_a,
          infiniplex_staircase_pool_2
Lair:2:   layout_small_grid, spider_nest_entry_a
Lair:3:   cheibrodos_lair_river_kwai, layout_regular_city,
          nicolae_shoals_entry_roost, basic_altar, lemuel_fruit_fields
Lair:4:   layout_regular_city, nicolae_slime_entry_slimehenge,
          serial_bayou_shore_b, serial_bayou_shore_a
Lair:5:   cheibrodos_lair_end_hotspot, layout_regular_city

Skill      XL: |  1  2  3  4  5  6  7  8  9 10 11 12 13 14 |
---------------+-------------------------------------------+-----
Ranged Weapons | 5 6 7 8 10 11 13 15 17 18 | 18.0
Armour         | 1 2 3 4 5 7 |  7.0
Fighting       | 3 4 5 6 8 9 10 11 14 | 14.5
Dodging        | 2 3 4 5 6 |  6.0
Invocations    | 4 7 10 | 10.0
Stealth        | |  1.1

Action                     |  1- 3 |  4- 6 |  7- 9 | 10-12 | 13-15 || total
---------------------------+-------+-------+-------+-------+-------++-------
   Fire: Shortbow          |   128 |    16 |       |       |       ||   144
         Arbalest          |       |    67 |   165 |   384 |   560 ||  1176
 Invoke: Heroism           |       |       |       |    17 |    16 ||    33
         Finesse           |       |       |       |       |     5 ||     5
    Use: Scroll            |     5 |    10 |     1 |     7 |     4 ||    27
         Potion            |       |     4 |       |     1 |       ||     5
 Armour: Leather armour    |    27 |       |       |    25 |       ||    52
         Ring mail         |    18 |     9 |     7 |    45 |    84 ||   163
  Dodge: Dodged            |    56 |     9 |    16 |   118 |    90 ||   289

Table legend:
 A = Non-vault XP
 B = Vault XP
 C = Vault XP percentage of total XP
 D = Non-vault monster count
 E = Vault monster count
 F = Vault count percentage of total count
                 A         B        C        D         E       F
            +---------+---------+-------+---------+---------+-------
      Total |   51563 |   28215 |  35.4 |     366 |     100 |  21.5
            +---------+---------+-------+---------+---------+-------
        D:1 |      48 |       0 |   0.0 |      29 |       0 |   0.0
        D:2 |      41 |       0 |   0.0 |      17 |       0 |   0.0
        D:3 |     120 |       0 |   0.0 |      16 |       0 |   0.0
        D:4 |     354 |       3 |   0.8 |      20 |       2 |   9.1
        D:5 |     282 |     627 |  69.0 |      11 |       9 |  45.0
        D:6 |     629 |       0 |   0.0 |      19 |       0 |   0.0
        D:7 |    1801 |       0 |   0.0 |      28 |       0 |   0.0
        D:8 |     825 |       0 |   0.0 |      19 |       0 |   0.0
        D:9 |    2321 |       0 |   0.0 |      25 |       0 |   0.0
       D:10 |    2761 |   10992 |  79.9 |      26 |      33 |  55.9
       D:11 |    5473 |    2135 |  28.1 |      27 |       6 |  18.2
       D:12 |    5908 |     369 |   5.9 |      17 |       9 |  34.6
       D:13 |     659 |    2622 |  79.9 |       6 |       3 |  33.3
     Lair:1 |    6676 |       0 |   0.0 |      34 |       0 |   0.0
     Lair:2 |    3790 |     214 |   5.3 |      13 |       1 |   7.1
     Lair:3 |    6060 |    4274 |  41.4 |      18 |      10 |  35.7
     Lair:4 |    7108 |     127 |   1.8 |      24 |       4 |  14.3
     Lair:5 |    6707 |    6852 |  50.5 |      17 |      23 |  57.5
            +---------+---------+-------+---------+---------+-------
